 Dungeon Crawl Stone Soup version 0.29-a0-96-g93358da72b (webtiles) character file.

Game seed: 1980293959528814029

107 pokeman the Magician (level 4, -2/25 HPs)
             Began as a Deep Elf Hedge Wizard on Feb 10, 2022.
             Slain by an ice beast (8 damage)
             ... on level 4 of the Dungeon.
             The game lasted 00:07:22 (3576 turns).

pokeman the Magician (Deep Elf Hedge Wizard)        Turns: 3576, Time: 00:07:23

Health: -2/25      AC:  4    Str:  7    XL:     4   Next: 57%
Magic:  0/13       EV: 12    Int: 27    God:
Gold:   292        SH:  0    Dex: 14    Spells: 3/14 levels left

rFire   . . .      SeeInvis .   j - +2 whip (venom)
rCold   . . .      Faith    .   (no shield)
rNeg    . . .      Spirit   .   o - +0 leather armour
rPois   .          Reflect  .   g - +0 helmet
rElec   .          Harm     .   (no cloak)
rCorr   .          Rampage  .   (no gloves)
Will    .....                   (no boots)
Stlth   ++........              (no amulet)
HPRegen 0.08/turn               l - +6 ring of intelligence
MPRegen 0.13/turn               (no ring)

@: no status effects
A: no striking features
a: no special abilities


You were on level 4 of the Dungeon.
You visited 1 branch of the dungeon, and saw 4 of its levels.

You collected 292 gold pieces.

Inventory:

Hand Weapons
 j - a +2 whip of venom (weapon)
Missiles
 e - 12 arrows
 h - 13 bolts
Armour
 g - a +0 helmet (worn)
 n - an orb of mayhem
 o - a +0 leather armour (worn)
Jewellery
 c - a ring of ice
 l - a +6 ring of intelligence (left hand)
Scrolls
 a - 2 scrolls of identify {unknown}
 d - a scroll of fear {unknown}
 f - a scroll of noise {unknown}
 m - a scroll of blinking {unknown}
Potions
 i - a potion of curing
 k - a potion of haste {unknown}


   Skills:
 - Level 1.0 Fighting
 - Level 1.0 Armour
 + Level 2.9 Dodging
 - Level 2.4 Stealth
 * Level 5.7 Spellcasting
 + Level 2.3 Conjurations
 - Level 1.1 Summonings
 - Level 1.1 Translocations
 + Level 0.9 Fire Magic


You had 3 spell levels left.
You knew the following spells:

 Your Spells              Type           Power      Damage    Failure   Level
a - Magic Dart            Conj           80%        1d7       3%          1
b - Mephitic Cloud        Conj/Pois/Air  11%        N/A       22%         3
c - Call Imp              Summ           13%        N/A       10%         2
d - Blink                 Tloc           26%        N/A       10%         2
e - Conjure Flame         Conj/Fire      16%        6-21      16%         3

Your spell library contained the following spells:

 Spells                   Type           Power      Damage    Failure   Level
 Animate Skeleton         Necr           14%        N/A       10%         1
 Pain                     Necr           28%        1d5       10%         1
 Slow                     Hex            28%        N/A       10%         1
 Confusing Touch          Hex            7%         N/A       28%         3
 Vampiric Draining        Necr           7%         2d6       28%         3
 Yara's Violent Unravell  Hex/Tmut       3%         3d4       95%         5
 Enfeeble                 Hex            3%         N/A       100%        7


Dungeon Overview and Level Annotations

Branches:
Dungeon (4/15)
 Temple: D:4-7

Altars:
Fedhas
Gozag

Shops:
D:1 :(*=

Annotations:
D:4 Grinder


Message History

You don't have enough magic to cast this spell.
Unknown command.
Casting: Magic Dart (safe; 3% risk of failure)
Confirm with . or Enter, or press ? or * to list all spells.
You don't have enough magic to cast this spell.
Unknown command.
Casting: Magic Dart (safe; 3% risk of failure)
Confirm with . or Enter, or press ? or * to list all spells.
You don't have enough magic to cast this spell.
Unknown command.
You hit the ice beast.
The ice beast is almost dead.
The ice beast hits you but does no damage.
You closely miss the ice beast.
The ice beast is almost dead.
The ice beast misses you.
You hit the ice beast.
The ice beast is almost dead.
The ice beast closely misses you.
You closely miss the ice beast.
The ice beast is almost dead.
The ice beast misses you.
You barely miss the ice beast.
The ice beast is almost dead.
The ice beast closely misses you. The ice beast barely misses you.
You hit the ice beast but do no damage.
The ice beast is almost dead.
The ice beast hits you. The ice beast freezes you!
Your magical contamination has completely faded away.
Casting: Magic Dart (safe; 3% risk of failure)
Confirm with . or Enter, or press ? or * to list all spells.
Aiming: Magic Dart (safe; 3% risk of failure)
Press: ? - help, Shift-Dir - straight line, f/p - ice beast
Aim: an ice beast (almost dead, 100% to hit)
The magic dart hits the ice beast but does no damage.
The ice beast is almost dead.
The ice beast hits you.
* * * LOW HITPOINT WARNING * * *
The ice beast freezes you!
You die...

............#.#
............#.#
............#.#
............#'####
............)....#
................#
...............#
...............#
####...@###.####
....###Y###....
... #....####
....Y......#
...............
...............
.#.......:.....
#..(..........
#.............


You could see an ice beast.

Vanquished Creatures
  Natasha (D:4)
  Robin (D:2)
  2 adders (D:2)
  A worm (D:4)
  2 orcs
  4 endoplasms
  A giant cockroach (D:1)
  6 goblins (D:2)
  10 hobgoblins
  2 jackals (D:1)
  A quokka (D:3)
  4 ball pythons
  2 bats
  3 frilled lizards
  2 kobolds
  4 rats
46 creatures vanquished.

Vanquished Creatures (collateral kills)
  A hobgoblin (D:2)
1 creature vanquished.

Grand Total: 47 creatures vanquished

Notes
Turn   | Place    | Note
-------+----------+-------------------------------------------
     0 | D:1      | pokeman the Deep Elf Hedge Wizard began the quest for the
                  | Orb.
     0 | D:1      | Reached XP level 1. HP: 10/10 MP: 7/7
   151 | D:1      | Found Moaliur's General Store.
   213 | D:1      | Found Dimiaghu's Jewellery Shoppe.
   456 | D:1      | Found a faded altar of an unknown god.
   506 | D:1      | Reached XP level 2. HP: 15/15 MP: 6/9
   552 | D:1      | Found Qaeni's Weapon Shop.
   666 | D:1      | Found Ogalom's Book Boutique.
  1434 | D:2      | Noticed Robin
  1436 | D:2      | Reached skill level 5 in Spellcasting
  1526 | D:2      | Reached XP level 3. HP: 12/20 MP: 7/11
  1539 | D:2      | Learned a level 3 spell: Mephitic Cloud
  1542 | D:2      | Learned a level 2 spell: Call Imp
  1545 | D:2      | Learned a level 2 spell: Blink
  1549 | D:2      | Learned a level 3 spell: Conjure Flame
  1869 | D:2      | Reached skill level 1 in Fighting
  1992 | D:2      | Reached skill level 1 in Armour
  2128 | D:2      | Killed Robin
  2159 | D:2      | Reached XP level 4. HP: 13/25 MP: 1/13
  2968 | D:3      | Found an opulent altar of Gozag.
  3115 | D:3      | Found a blossoming altar of Fedhas.
  3323 | D:4      | Noticed Grinder
  3465 | D:4      | Noticed Natasha
  3471 | D:4      | Killed Natasha
  3553 | D:4      | Noticed an ice beast
  3576 | D:4      | Slain by an ice beast

Illustrated notes

Levels and vault maps discovered:
D:1:      matt_arrival_los_fun, layout_basic,
          chequers_ecumenical_altar_simple_redux, serial_shops,
          nicolae_shop_hallway_stairs, shop_fountains, shop,
          nicolae_shop_hallway_plus, chequers_serial_rivers_micro_e
D:2:      layout_rooms, chequers_serial_rivers_micro_a, uniq_robin
D:3:      layout_rooms, fedhas_altar_fruit_tree, amcnicky_altar_gilded,
          serial_aquarium, aquarium_bridge_straight [aquarium_subvault_bridge,
          aquarium_subvault_wall, aquarium_subvault_bridge,
          aquarium_subvault_window], aquarium_bridge_long_separate
          [aquarium_subvault_balcony, aquarium_subvault_balcony,
          aquarium_subvault_bridge, aquarium_subvault_bridge,
          aquarium_subvault_bridge, aquarium_subvault_window],
          aquarium_window_1, aquarium_window_corner, aquarium_view_2c,
          aquarium_view_2b, aquarium_balcony_3b, aquarium_pool_corner
D:4:      layout_basic, mainiacjoe_overflow_two_lobes, uniq_grinder,
          uniq_natasha

Skill      XL: |  1  2  3 |
---------------+----------+-----
Spellcasting   | 5 |  5.7
Fighting       | 1 |  1.0
Armour         | 1 |  1.0
Conjurations   | 2 |  2.3
Dodging        | |  2.9
Stealth        | |  2.4
Summonings     | |  1.1
Translocations | |  1.1
Fire Magic     | |  0.9

Action                   |  1- 3 |  4- 6 || total
-------------------------+-------+-------++-------
Melee: Dagger            |    27 |       ||    27
       Whip              |       |     7 ||     7
 Cast: Magic Dart        |   108 |    47 ||   155
       Call Imp          |     1 |       ||     1
       Conjure Flame     |       |     2 ||     2
 Stab: Sleeping          |     1 |     1 ||     2
Armor: Robe              |     9 |     2 ||    11
       Leather armour    |       |     1 ||     1
Dodge: Dodged            |    47 |     9 ||    56

Table legend: (Time is in decaauts)
 A = Elapsed time spent in this place.
 B = Non-inter-level travel time spent in this place.
 C = Inter-level travel time spent in this place.
 D = Time resting spent in this place.
 E = Time spent auto-exploring this place.
 F = Levels seen in this place.
 G = Mean time per level.
                   A        B        C        D        E       F      G
               +--------+--------+--------+--------+--------+-----+--------+
         Total |   3577 |   3469 |    108 |    331 |   2677 |   4 |  894.2 |
       Dungeon |   3577 |   3469 |    108 |    331 |   2677 |   4 |  894.2 |
               +--------+--------+--------+--------+--------+-----+--------+

Top non-repeatable levels by time:
     D:1: 1277 daAuts
     D:2: 1226 daAuts
     D:3: 855 daAuts
     D:4: 218 daAuts
